 Dungeon Crawl Stone Soup version 0.22.1-2-g9c5b331383 (webtiles) character file.

119 Honti the Covered (level 5, 0/33 HPs)
             Began as a Gargoyle Fighter on Dec 30, 2018.
             Slain by a wyvern skeleton (5 damage)
             ... on level 3 of the Dungeon.
             The game lasted 00:03:46 (1904 turns).

Honti the Covered (Gargoyle Fighter)                Turns: 1904, Time: 00:03:47

Health: 0/33       AC: 12    Str: 20    XL:     5   Next: 3%
Magic:  5/5        EV:  9    Int:  9    God:
Gold:   151        SH:  0    Dex:  9    Spells: 4/4 levels left

rFire    . . .     SeeInvis .   m - +0 battleaxe
rCold    . . .     Gourm    .   (shield currently unavailable)
rNeg     + . .     Faith    .   b - +0 scale mail
rPois    ∞         Spirit   .   (no helmet)
rElec    +         Reflect  .   l - +0 cloak
rCorr    .         Harm     .   (no gloves)
MR       .....                  (no boots)
Stlth    ..........             (no amulet)
HPRegen  0.11/turn              (no ring)
MPRegen  0.09/turn              (no ring)

@: no status effects
A: negative energy resistance 1, electricity resistance, unbreathing,
petrification resistance, rot immunity, AC +4
a: no special abilities


You were on level 3 of the Dungeon.
You were not hungry.

You visited 1 branch of the dungeon, and saw 3 of its levels.

You collected 151 gold pieces.

Inventory:

Hand Weapons
 a - a +0 war axe
 m - a +0 battleaxe (weapon)
Armour
 b - a +0 scale mail (worn)
 c - a +0 shield
 l - a +0 cloak (worn)
Scrolls
 g - a scroll of identify {unknown}
 i - a scroll of fear {unknown}
 j - a scroll of teleportation {unknown}
 n - a scroll of blinking {unknown}
 r - a scroll of immolation {unknown}
Potions
 d - 2 potions of might
 e - 2 potions of curing {unknown}
 h - a potion of lignification {unknown}
 k - 2 potions of agility {unknown}
 o - a potion of ambrosia {unknown}
 p - a potion of degeneration {unknown}
 q - a potion of haste {unknown}
Comestibles
 f - 3 rations
 s - 16 chunks of flesh


   Skills:
 + Level 4.0 Fighting
 * Level 3.2 Axes
 + Level 4.0 Armour
 - Level 3.7 Shields


You had 4 spell levels left.
You didn't know any spells.
Your spell library was empty.

Dungeon Overview and Level Annotations

Branches:
Dungeon (3/15)

Altars:
Lugonu

Portals:
Abyss: D:1


Innate Abilities, Weirdness & Mutations

You are resistant to torment.
Your stone body is resilient. (AC +4)
You are immune to poison.
You resist negative energy. (rN+)
You are resistant to electric shocks. (rElec)
You can survive without breathing.
You are immune to petrification.
You are immune to rotting.


Message History

You slash the wyvern skeleton!
The wyvern skeleton is heavily damaged.
The wyvern skeleton barely misses you. The wyvern skeleton closely misses you.
You hit the wyvern skeleton.
The wyvern skeleton is severely damaged.
The wyvern skeleton closely misses you. The wyvern skeleton bites you.
You hit the wyvern skeleton.
The wyvern skeleton is severely damaged.
The wyvern skeleton bites you. The wyvern skeleton closely misses you.
You are too injured to fight recklessly!
You are too injured to fight recklessly!
You are too injured to fight recklessly!
You are too injured to fight recklessly!
You are too injured to fight recklessly!
Your scale mail prevents you from hitting the wyvern skeleton.
The wyvern skeleton is severely damaged.
The wyvern skeleton bites you!
* * * LOW HITPOINT WARNING * * *
The wyvern skeleton bites you.
You die...

#..##...÷...
##.##.##.... ##
#.##.##.... # ##.#
#.##.##.).. #.### #..#
.##......÷ ....###..
..#####..# ###.....#
#...# ##.# ##....Z..###
#...# #.#
......)@...####...# #.#
#..#######....#...####..
######...........
#.................
..#######....###.#
#....###.# #........#
#...#..... #####.....


You could see a wyvern skeleton.

Vanquished Creatures
  An orc priest (D:3)
  4 adders
  2 worms (D:2)
  A dart slug (D:1)
  2 orcs (D:3)
  2 ball pythons
  8 bats
  A giant cockroach (D:2)
  5 goblins
  7 hobgoblins
  2 jackals (D:2)
  5 kobolds
  A quokka (D:2)
  2 frilled lizards
  3 rats
46 creatures vanquished.

Notes
Turn   | Place    | Note
-------+----------+-------------------------------------------
     0 | D:1      | Honti the Gargoyle Fighter began the quest for the Orb.
     0 | D:1      | Reached XP level 1. HP: 14/14 MP: 1/1
    50 | D:1      | Found a one-way gate to the infinite horrors of the Abyss.
    50 | D:1      | Found a corrupted altar of Lugonu.
    50 | D:1      | Noticed a demonic crawler
    50 | D:1      | Noticed a demonic crawler
    50 | D:1      | Noticed a demonic crawler
    50 | D:1      | Noticed an iron imp
    50 | D:1      | Noticed an iron imp
    50 | D:1      | Noticed a quasit
    50 | D:1      | Noticed a quasit
    50 | D:1      | Noticed a quasit
    50 | D:1      | Noticed a demonic crawler
    54 | D:1      | Noticed an iron imp
   210 | D:1      | Reached XP level 2. HP: 19/19 MP: 2/2
   759 | D:2      | Reached XP level 3. HP: 23/23 MP: 3/3
  1327 | D:2      | Reached XP level 4. HP: 29/29 MP: 4/4
  1848 | D:3      | Reached XP level 5. HP: 31/33 MP: 5/5
  1904 | D:3      | Slain by a wyvern skeleton

Skill      XL: |  1  2  3  4 |
---------------+-------------+-----
Axes           | 2 3 |  3.2
Fighting       | 4 |  4.0
Armour         | 4 |  4.0
Shields        | |  3.7

Action                   |  1- 3 |  4- 6 || total
-------------------------+-------+-------++-------
Melee: War axe           |   141 |       ||   141
       Battleaxe         |     4 |    57 ||    61
  Eat: Chunk             |     2 |     2 ||     4
Armor: Scale mail        |   101 |    51 ||   152
Dodge: Dodged            |    63 |    45 ||   108
Block: Shield            |    91 |       ||    91
